 Dungeon Crawl Stone Soup version 0.29.1-12-g30fa7ad0bf (webtiles) character file.

Game seed: 15150851365456638219

8584 hawla the Thaumaturge (level 11, 0/77 (82) HPs)
             Began as a Meteoran Fire Elementalist on Jan 12, 2023.
             Was a Follower of Vehumet.
             Slain by a red devil
             ... wielding a +2 demon trident of draining
             ... summoned by a kobold demonologist
              (21 damage)
             ... in a bailey on Jan 13, 2023.
             The game lasted 00:24:06 (5178 turns).

hawla the Thaumaturge (Meteoran Fire Elementalist)  Turns: 5178, Time: 00:24:07

HP:   0/77 (82)     AC:  5    Str: 10    XL:     11   Next: 88%
MP:   8/28          EV: 15    Int: 21    God:    Vehumet [*.....]
Gold: 221           SH:  0    Dex: 20    Spells: 24/34 levels left

rFire   . . .      SeeInvis +   D - staff of death
rCold   . . .      Faith    .   (no shield)
rNeg    + . .      Spirit   .   a - +1 robe
rPois   .          Reflect  .   A - +1 helmet of Broken Taboos {Dex+5 Slay+2}
rElec   .          Harm     .   (no cloak)
rCorr   .          Rampage  .   (no gloves)
Will    +....                   (no boots)
Stlth   +.........              (no amulet)
HPRegen 0.22/turn               F - ring of flight
MPRegen 0.21/turn               x - ring of see invisible

@: spiked, flying, glowing, drained
A: sense surroundings 2, otherworldly, glowing, explore regen
a: Renounce Religion


You were in a bailey.
You worshipped Vehumet.
Vehumet was aware of your devotion.
You visited 2 branches of the dungeon, and saw 11 of its levels.
You also visited: Ossuary and Bailey.

You collected 663 gold pieces.
You spent 442 gold pieces at shops.

Inventory:

Armour
 a - a +1 robe (worn)
 A - the +1 helmet of Broken Taboos (worn) {Dex+5 Slay+2}
   (You bought it in a shop on level 6 of the Dungeon)

   Dex:       It affects your dexterity (+5).
   Slay:      It affects your accuracy & damage with ranged weapons and melee
   (+2).
Magical Staves
 D - a staff of death (weapon)
Jewellery
 b - a +4 ring of slaying
 o - a ring of fire
 x - a ring of see invisible (right hand)
 F - a ring of flight (left hand)
Wands
 m - a wand of polymorph (10)
 p - a wand of flame (10)
 v - a wand of charming (15)
 E - a wand of quicksilver (5)
 H - a wand of digging (4)
Scrolls
 f - 2 scrolls of magic mapping
 h - a scroll of identify
 j - a scroll of summoning {unknown}
 t - a scroll of brand weapon {unknown}
 w - a scroll of acquirement {unknown}
 y - a scroll of amnesia
 B - a scroll of fear {unknown}
 C - a scroll of noise {unknown}
 G - a scroll of teleportation
Potions
 c - a potion of resistance
 e - 3 potions of brilliance
 g - 2 potions of cancellation
 i - 2 potions of haste {unknown}
 k - a potion of curing
 l - 2 potions of lignification {unknown}
 n - a potion of attraction
 q - 3 potions of magic
 r - a potion of berserk rage
 s - a potion of heal wounds
 z - a potion of mutation


   Skills:
 + Level 3.2 Fighting
 + Level 5.1 Dodging
 - Level 1.4 Stealth
 + Level 12.4 Spellcasting
 + Level 9.4 Conjurations
 + Level 3.0 Necromancy
 + Level 12.0 Fire Magic
 + Level 3.0 Evocations


You had 24 spell levels left.
You knew the following spells:

 Your Spells              Type           Power      Damage    Failure   Level
a - Foxfire               Conj/Fire      100%       2x1d9     1%          1
b - Scorch                Fire           100%       2d10      1%          2
c - Flame Wave            Conj/Fire      55%        2d13      1%          4
d - Vampiric Draining     Necr           38%        2d8       4%          3

Your spell library contained the following spells:

 Spells                   Type           Power      Damage    Failure   Level
 Freeze                   Ice            52%        1d7       4%          1
 Necrotise                Necr           100%       1d9       1%          1
 Conjure Flame            Conj/Fire      55%        6-21      1%          3
 Inner Flame              Hex/Fire       38%        N/A       1%          3
 Frozen Ramparts          Ice            26%        1d4       16%         3
 Agony                    Necr           38%        N/A       38%         5
 Animate Armour           Summ/Erth      26%        N/A       45%         4
 Ice Form                 Ice/Tmut       13%        N/A       45%         4
 Summon Ice Beast         Ice/Summ       13%        N/A       45%         4
 Iron Shot                Conj/Erth      16%        9d4       75%         6
 Blade Hands              Tmut           6%         N/A       80%         5


Dungeon Overview and Level Annotations

Branches:
Dungeon (10/15) Zot: 1369  Temple (1/1) D:6 Zot: 447 Ossuary (visited)
 Bailey (1/1) Zot: 442
   Lair: D:8-11         Orc: D:9-12

Altars:
Ashenzari
Cheibriados
Dithmenos
Elyvilon
Fedhas
Gozag
Hepliaklqana
Kikubaaqudgha
Makhleb
Nemelex Xobeh
Okawaru
Qazlal
Ru
Sif Muna
Trog
Uskayaw
Vehumet
Wu Jian
Xom
Yredelemnul
Zin
The Shining One

Shops:
D:4 !*=(   D:6 *


Innate Abilities, Weirdness & Mutations

You passively map the area around you.
You are easily found by Zot.
You glow in the dark.
You regain HP and MP as you explore.


Message History

Vehumet accepts your kill.
You hear a splash. x2
Your orc warrior hits the orc with a +0 war axe.
Your orc warrior hits the kobold demonologist with a +0 war axe!
The red devil hits you from afar with a +2 demon trident of draining.
Barbed spikes become lodged in your body.
You partially resist.
You feel drained. The crimson imp puffs mist at you.
The foxfire hits the red devil.
The red devil completely resists.
The foxfire hits the orc.
You kill the orc!
Vehumet accepts your kill.
You hear a splash. x2
Your orc warrior misses the red devil.
Your orc warrior barely misses the kobold demonologist.
The crimson imp laughs crazily.
The red devil hits you from afar with a +2 demon trident of draining!
Barbed spikes become lodged in your body.
You partially resist.
You feel drained.
Casting: Foxfire (safe; 1% risk of failure)
Confirm with . or Enter, or press ? or * to list all spells.
You conjure some foxfire!
Your orc warrior hits the red devil with a +0 war axe.
Your orc warrior closely misses the kobold demonologist.
The red devil hits you from afar with a +2 demon trident of draining!
* * * LOW HITPOINT WARNING * * *
Barbed spikes become lodged in your body.
You partially resist.
You feel drained.
* * * LOW HITPOINT WARNING * * *
Casting: Foxfire (safe; 1% risk of failure)
Confirm with . or Enter, or press ? or * to list all spells.
Flames lash the red devil.
The red devil completely resists.
The foxfire hits the crimson imp.
The crimson imp completely resists.
The foxfire hits the red devil but does no damage.
The red devil is lightly wounded.
Your orc warrior hits the red devil with a +0 war axe!
Your orc warrior hits the orange demon with a +0 war axe.
Your orc warrior hits the kobold demonologist but does no damage.
The red devil hits you from afar with a +2 demon trident of draining!!
You die...

~ , , * ,,
#≈≈≈≈≈#.### * *
#≈≈≈≈≈~.#?. * , ,
#≈≈≈≈≈g.#?: *,
#≈≈≈≈≈~.#K,
#≈≈≈≈≈~.###* *,,,
#≈≈≈≈≈).#.. , ,
#≈≈§≈≈o∩... ,,, _
#≈≈@§≈K.#, , ,
#≈≈5≈≈o.#### ,
#≈≈§≈44.#..#
#≈≈≈≈≈~.#..#, , ,
#≈≈≈≈≈~.#.. , , ,
#≈≈≈≈≈#.############
#≈≈≈≈≈#....#....)).8
#≈≈≈≈≈#...)'....)#..
#§≈≈≈≈#+#..#########


You could see an orange demon (summoned), 2 kobold demonologists, a red devil
(summoned), a crimson imp (summoned, ally target), an orc, a hobgoblin and a
friendly orc warrior (charmed).

Vanquished Creatures
  A two-headed ogre (D:9)
  2 tengu warriors (D:10)
  The ghost of Kratos the Sneak, a novice DrBr of Sif Muna (D:7)
  A deep elf pyromancer (D:8)
  The ghost of sigtrap the Covert, a novice KoBr (D:5)
  Prince Ribbit (D:7)
  A hornet (D:8)
  Sigmund (D:2)
  A shadow (D:7)
  2 wyverns
  The ghost of ExaltedWalrus the Chopper, an amateur HOFi (D:5)
  5 yaks (D:6)
  Duvessa (D:7)
  The ghost of stormannn the Conjurer, an amateur DECj (D:5)
  10 orc warriors
  An ice beast (D:7)
  An ogre (D:4)
  5 centaurs
  2 kobold brigands
  A phantom (D:6)
  A necrophage (D:5)
  A gnoll sergeant (D:10)
  A scorpion (D:4)
  4 water moccasin zombies (Ossuary)
  Dowan (D:7)
  9 howler monkeys
  3 electric eels (Bailey)
  A gnoll bouda (D:6)
  2 hounds
  2 orc priests
  2 jellies
  2 iguanas
  10 orc wizards
  2 mummies (Ossuary)
  2 adders
  11 gnolls
  A shadow imp (D:5)
  2 white imps
  An ufetubus (D:4)
  6 adder zombies (Ossuary)
  2 worms
  2 dart slugs (D:4)
  32 orcs
  A bat (D:1)
  3 giant cockroaches
  4 goblins
  4 hobgoblins
  10 jackals
  11 kobolds
  4 quokkas
  A ball python (D:3)
  A frilled lizard (D:1)
  5 gnoll zombies (Ossuary)
  4 hobgoblin zombies (Ossuary)
  3 kobold zombies (Ossuary)
  2 orc zombies (Ossuary)
193 creatures vanquished.

Vanquished Creatures (collateral kills)
  An orc warrior (Bailey)
  2 foxfires (D:1)
3 creatures vanquished.

Vanquished Creatures (others)
  2 demonic plants (D:1)
  197 foxfires
199 creatures vanquished.

Grand Total: 395 creatures vanquished

Notes
Turn   | Place    | Note
-------+----------+-------------------------------------------
     0 | D:1      | hawla the Meteoran Fire Elementalist began the quest for
                  | the Orb.
     0 | D:1      | Reached XP level 1. HP: 14/14 MP: 5/5
    34 | D:1      | Found a faded altar of an unknown god.
    45 | D:1      | Reached XP level 2. HP: 20/20 MP: 4/6
    96 | D:1      | Learned a level 2 spell: Scorch
   230 | D:2      | Noticed Sigmund
   234 | D:2      | Killed Sigmund
   235 | D:2      | Reached XP level 3. HP: 25/26 MP: 1/9
   235 | D:2      | Reached XP level 4. HP: 32/33 MP: 1/10
   235 | D:2      | Reached XP level 5. HP: 37/38 MP: 1/11
   235 | D:2      | Reached XP level 6. HP: 43/45 MP: 1/12
   345 | D:4      | Learned a level 4 spell: Flame Wave
   414 | D:4      | Found Ziazit's General Store.
   504 | D:4      | Found Toizi Davoan's Jewellery Shop.
   546 | D:4      | Found Zihed's Distillery.
   554 | D:4      | Bought a potion of heal wounds for 70 gold pieces
   784 | D:4      | Noticed an ogre
   787 | D:4      | Killed an ogre
   788 | D:4      | Reached XP level 7. HP: 51/51 MP: 7/14
   875 | D:4      | Reached skill level 5 in Conjurations
   890 | D:4      | Found Izaudich's Antique Weapon Shoppe.
  1014 | D:5      | Entered Level 5 of the Dungeon
  1018 | D:5      | Found a blossoming altar of Fedhas.
  1018 | D:5      | Found a stormy altar of Qazlal.
  1393 | D:5      | Reached XP level 8. HP: 58/58 MP: 9/15
  1406 | D:5      | Found a runed translucent gate.
  1407 | D:5      | Found a runed translucent gate.
  1408 | D:5      | Found a runed translucent gate.
  1409 | D:5      | Noticed ExaltedWalrus's ghost (amateur HOFi)
  1411 | D:5      | Noticed stormannn's ghost (amateur DECj)
  1411 | D:5      | Noticed sigtrap's ghost (novice KoBr)
  1420 | D:5      | Killed stormannn's ghost
  1425 | D:5      | Killed sigtrap's ghost
  1426 | D:5      | Reached skill level 1 in Fighting
  1426 | D:5      | Reached skill level 5 in Spellcasting
  1426 | D:5      | Killed ExaltedWalrus's ghost
  1427 | D:5      | Gained mutation: You passively map the area around you.
                  | [Meteoran growth]
  1427 | D:5      | Reached XP level 9. HP: 42/67 MP: 11/19
  1931 | D:6      | You fall into a shaft and drop 2 floors!
  2064 | D:8      | Reached XP level 10. HP: 17/74 MP: 12/23
  2178 | D:8      | Paralysed by a hornet for 2 turns
  2191 | D:8      | Found a sand-covered staircase.
  2196 | Ossuary  | Entered an ossuary
  2469 | D:7      | Found an opulent altar of Gozag.
  2506 | D:7      | Found a shimmering blue altar of Sif Muna.
  2613 | D:7      | Noticed Prince Ribbit
  2620 | D:7      | Killed Prince Ribbit
  2621 | D:7      | Reached skill level 10 in Spellcasting
  2621 | D:7      | Reached skill level 10 in Fire Magic
  2683 | D:7      | Noticed Duvessa
  2683 | D:7      | Noticed Dowan
  2687 | D:7      | Killed Dowan
  2692 | D:7      | Killed Duvessa
  2703 | D:7      | Found a large runed translucent door.
  2705 | D:7      | Found a large runed translucent door.
  2708 | D:7      | Noticed Kratos's ghost (novice DrBr)
  2871 | D:7      | Killed Kratos's ghost
  2997 | D:6      | Found Boskim's Assorted Antiques.
  3002 | D:6      | Bought an ancient helmet for 228 gold pieces
  3002 | D:6      | Identified the +1 helmet of Broken Taboos {Dex+5 Slay+2}
                  | (You bought it in a shop on level 6 of the Dungeon)
  3002 | D:6      | Bought a scroll labelled WUPUSA TONKU for 24 gold pieces
  3002 | D:6      | Bought a large sapphire amulet for 120 gold pieces
  3396 | D:6      | Found a staircase to the Ecumenical Temple.
  3615 | Temple   | Entered the Ecumenical Temple
  3757 | Temple   | Became a worshipper of Vehumet
  3885 | D:8      | Noticed a deep elf pyromancer
  3888 | D:8      | Killed a deep elf pyromancer
  3889 | D:8      | Reached XP level 11. HP: 66/82 MP: 20/26
  4400 | D:9      | Reached skill level 1 in Necromancy
  4400 | D:9      | Reached skill level 1 in Evocations
  4405 | D:9      | Noticed a two-headed ogre
  4411 | D:9      | Killed a two-headed ogre
  4721 | D:10     | Entered Level 10 of the Dungeon
  4814 | D:10     | Noticed a tengu warrior
  4818 | D:10     | Noticed a tengu warrior
  4820 | D:10     | Killed a tengu warrior
  4821 | D:10     | Reached skill level 5 in Dodging
  4827 | D:10     | Killed a tengu warrior
  4895 | D:10     | Reached * piety under Vehumet
  4895 | D:10     | Offered knowledge of Freeze by Vehumet.
  4900 | D:10     | Learned a level 3 spell: Vampiric Draining
  4967 | D:10     | Found a flagged portal.
  5021 | Bailey   | Entered a bailey
  5178 | Bailey   | Slain by a red devil

Illustrated notes

Levels and vault maps discovered:
D:1:      lightli_arrival_statuegarden, layout_basic,
          shapermc_ecumenical_altar_gd
D:2:      layout_loops_corners, uniq_sigmund, uniq_jessica
D:3:      layout_basic
D:4:      layout_loops_cross, serial_shops, nicolae_shop_stone,
          nicolae_stop_n_shop_2, nicolae_diamond_shop,
          nicolae_shop_hallway_plus, st_stairs_13
D:5:      layout_gridville, grunt_temple_overflow_forces_of_nature,
          gammafunk_ghost_cemetery, chequers_hall_statues_corner_a
D:6:      layout_basic, minmay_temple_entry_nine_rooms, serial_shops,
          nicolae_take_the_stairs
D:7:      layout_basic, mainiacjoe_overflow_chevrons, mainiacjoe_overflow_paths,
          ebering_ghost_disaster_area, nrook_pool_corridor,
          minmay_misc_feat_alley, uniq_prince_ribbit1, uniq_duvessa
D:8:      layout_gridville, enter_ossuary_5, amcnicky_mini_rare_corridor_liquid
D:9:      kennysheep_blocky_hall, layout_rooms
D:10:     layout_irregular_city, enter_bailey_8
Temple:   regret_index_temple_chain_breaker
Bailey:   bailey_axe_of_yendor_kennysheep, bailey

Skill      XL: |  1  2  3  4  5  6  7  8  9 10 11 |
---------------+----------------------------------+-----
Fire Magic     | 6 7 9 10 12 | 12.0
Dodging        | 3 4 5 |  5.1
Spellcasting   | 3 4 6 8 10 12 | 12.4
Conjurations   | 2 4 6 7 8 9 |  9.4
Fighting       | 1 2 3 |  3.2
Necromancy     | 3 |  3.0
Evocations     | 3 |  3.0
Stealth        | |  1.4

Action                   |  1- 3 |  4- 6 |  7- 9 | 10-12 || total
-------------------------+-------+-------+-------+-------++-------
Melee: Unarmed           |     2 |     1 |     5 |     4 ||    12
       Staff             |       |       |       |     3 ||     3
 Cast: Foxfire           |    11 |    19 |    34 |    54 ||   118
       Scorch            |     2 |    16 |    18 |    77 ||   113
       Flame Wave        |       |     2 |    12 |    28 ||    42
       Vampiric Draining |       |       |       |     1 ||     1
Evoke: Wand              |       |       |       |     1 ||     1
  Use: Potion            |       |     3 |     3 |     1 ||     7
       Scroll            |       |     3 |     5 |    10 ||    18
Armor: Robe              |       |    11 |     3 |    26 ||    40
Dodge: Dodged            |     2 |    27 |    35 |    56 ||   120
